 Dungeon Crawl Stone Soup version 0.23.2-40-g277498a001 (webtiles) character file.

Game seed: 17433300396976675785

630 Descartes the Insei (level 7, -6/37 HPs)
             Began as a Vine Stalker Monk on Oct 13, 2019.
             Mangled by an orc warrior
             ... wielding a +0 short sword
              (8 damage)
             ... on level 6 of the Dungeon.
             The game lasted 00:08:17 (3367 turns).

Descartes the Insei (Vine Stalker Monk)             Turns: 3367, Time: 00:08:18

Health: -6/37      AC:  6    Str: 15    XL:     7   Next: 48%
Magic:  0/8        EV: 12    Int: 15    God:
Gold:   192        SH:  0    Dex: 17    Spells: 6/6 levels left

rFire    . . .     SeeInvis .     - Unarmed
rCold    . . .     Gourm    .   (no shield)
rNeg     . . .     Faith    .   e - +0 ring mail (curse)
rPois    .         Spirit   +   (no helmet)
rElec    .         Reflect  .   g - scarf {repulsion}
rCorr    .         Harm     .   (no gloves)
MR       .....                  j - +0 pair of boots
Stlth    ++........             (no amulet)
HPRegen  0.52/turn              (no ring)
MPRegen  0.11/turn              (no ring)

@: brilliant, flying, repel missiles
A: fangs 2, regeneration 1, magic shield, antimagic bite, no potion heal 3, rot
immunity
a: no special abilities


You were on level 6 of the Dungeon.
You were hungry.

You visited 1 branch of the dungeon, and saw 6 of its levels.
You also visited: Sewer.

You collected 192 gold pieces.

Inventory:

Hand Weapons
 a - a +0 hunting sling of flaming
 p - a +2 dagger of freezing
Missiles
 d - 67 arrows
 l - 53 stones (quivered)
 o - 63 bolts
 u - a throwing net
 w - 23 sling bullets
Armour
 e - a cursed +0 ring mail (worn)
 g - a scarf of repulsion (worn)
 j - a +0 pair of boots (worn)
 m - a +0 robe
 A - a scarf of spirit shield
Wands
 s - a wand of iceblast (4)
 x - a wand of paralysis (7)
Scrolls
 c - a scroll of immolation {unknown}
 f - 5 scrolls of teleportation {unknown}
 h - 5 scrolls of remove curse {unknown}
 k - 4 scrolls of enchant weapon {unknown}
 q - 4 scrolls of identify {unknown}
 r - a scroll of random uselessness {unknown}
 t - 2 scrolls of enchant armour {unknown}
 y - a scroll of fog {unknown}
 B - 3 scrolls of fear {unknown}
Potions
 n - 2 potions of heal wounds
 z - 4 potions of curing
 D - a potion of magic
Comestibles
 b - 10 rations


   Skills:
 + Level 3.9 Fighting
 + Level 2.4 Armour
 + Level 3.4 Dodging
 + Level 4.9 Stealth
 * Level 5.4 Unarmed Combat


You had 6 spell levels left.
You didn't know any spells.
Your spell library was empty.

Dungeon Overview and Level Annotations

Branches:
Dungeon (7/15)             Temple (0/1) D:6

Altars:
Elyvilon

Annotations:
D:6 exclusion: oklob sapling


Innate Abilities, Weirdness & Mutations

You have extremely sharp teeth.
Your natural rate of healing is unusually fast.
When hurt, damage is shared between your health and your magic reserves.
Your bite disrupts and absorbs the magic of your enemies.
Potions cannot restore your health.
You are immune to rotting.


Message History

The orc warrior splashes around in the water.
You punch the orc warrior! Your bite misses the orc warrior.
The orc warrior is severely wounded.
An orc wizard appears from thin air!
Reactivating autopickup.
The orc warrior hits you with a +0 short sword.
You hit the orc warrior but do no damage.
You bite the orc warrior, but do no damage.
The orc warrior is severely wounded.
The orc priest invokes the aid of Beogh against you.
Beogh smites you!
Unknown command.
You hit the orc warrior.
The orc warrior is almost dead.
The orc warrior hits you with a +0 short sword!
* * * LOW HITPOINT WARNING * * *
You closely miss the orc warrior.
The orc warrior is almost dead.
The orc warrior hits you with a +0 short sword!
You die...

# #.# # #.# # #.#
#<.. #.#.###
#.#...##########
####.###.≈÷≈aooo@≈#
.........##########
####..##.#
#.....?o....
##...........
.#.....a.......
.#.............
.#.............
.#...o.........


You could see an orc warrior, a worker ant, an orc priest and an orc wizard.

Vanquished Creatures
  2 bullfrogs
  A howler monkey (D:3)
  2 orc priests (D:3)
  A hound (D:4)
  A bullfrog skeleton (D:4)
  A worker ant (D:6)
  A hound skeleton (D:4)
  2 howler monkey zombies (D:6)
  4 gnolls (D:3)
  4 river rats (Sewer)
  10 adders
  3 oozes
  4 dart slugs
  3 worms
  4 leopard geckos
  5 orcs (D:3)
  3 ball pythons
  3 giant cockroaches
  10 goblins
  4 hobgoblins
  7 jackals
  A quokka (D:2)
  4 bats
  8 frilled lizards
  9 kobolds
  9 rats
106 creatures vanquished.

Notes
Turn   | Place    | Note
-------+----------+-------------------------------------------
     0 | D:1      | Descartes the Vine Stalker Monk began the quest for the
                  | Orb.
     0 | D:1      | Reached XP level 1. HP: 11/11 MP: 2/2
   104 | D:1      | Reached XP level 2. HP: 4/16 MP: 3/3
   613 | D:1      | Reached XP level 3. HP: 17/19 MP: 4/4
  1016 | D:2      | Reached skill level 1 in Armour
  1016 | D:2      | Gained mutation: Your natural rate of healing is unusually
                  | fast. [Vine Stalker growth]
  1016 | D:2      | Reached XP level 4. HP: 19/24 MP: 5/5
  1557 | D:3      | Reached skill level 4 in Unarmed Combat
  1557 | D:3      | Reached XP level 5. HP: 8/28 MP: 3/6
  1563 | D:3      | HP: 1/28 [jackal (1)]
  1843 | D:3      | HP: 1/28 [gnoll/+0 halberd (5)]
  1850 | D:3      | HP: 1/28 [gnoll (2)]
  1981 | D:3      | Reached XP level 6. HP: 28/32 MP: 7/7
  2012 | D:3      | Found a white marble altar of Elyvilon.
  2592 | D:4      | Reached skill level 5 in Unarmed Combat
  2592 | D:4      | Reached XP level 7. HP: 32/36 MP: 6/8
  2636 | D:4      | You fall through a shaft for 3 floors!
  2726 | D:6      | Found a staircase to the Ecumenical Temple.
  2868 | D:6      | Found a glowing drain.
  2887 | Sewer    | Entered a sewer
  3366 | D:6      | HP: 1/37 [orc warrior/+0 short sword (12)]
  3367 | D:6      | Mangled by an orc warrior

Skill      XL: |  1  2  3  4  5  6 |
---------------+-------------------+-----
Fighting       | 3 |  3.9
Stealth        | 3 4 |  4.9
Armour         | 1 2 |  2.4
Unarmed Combat | 4 5 |  5.4
Dodging        | 3 |  3.4

Action                   |  1- 3 |  4- 6 |  7- 9 || total
-------------------------+-------+-------+-------++-------
Melee: Unarmed           |    93 |   200 |   133 ||   426
       Bite              |    24 |    71 |    51 ||   146
       Punch             |     2 |     6 |     3 ||    11
  Use: Potion            |       |       |     5 ||     5
 Stab: Sleeping          |     2 |     2 |     2 ||     6
       Distracted        |       |     1 |       ||     1
  Eat: Chunk             |       |     6 |     2 ||     8
Armor: Ring mail         |    25 |    75 |    39 ||   139
Dodge: Dodged            |    57 |   155 |    87 ||   299
